 Dungeon Crawl Stone Soup version 0.29-b1-12-g9e2288ab2a (webtiles) character file.

Game seed: 5462067679106384989

281 ProzacElf the Cudgeller (level 6, -9/56 HPs)
             Began as a Meteoran Cinder Acolyte on Aug 24, 2022.
             Was a High Priest of Ignis.
             Killed by nerve-wracking pain
             ... invoked by an orc priest
              (13 damage)
             ... on level 4 of the Dungeon.
             The game lasted 00:08:33 (2080 turns).

ProzacElf the Cudgeller (Meteoran Cinder Acolyte)   Turns: 2080, Time: 00:08:34

Health: -9/56      AC: 15    Str: 18    XL:     6   Next: 83%
Magic:  9/9        EV: 10    Int: 13    God:    Ignis [*****.]
Gold:   239        SH:  0    Dex: 10    Spells: 5/7 levels left

rFire   + + .      SeeInvis +   a - +1 mace (protect)
rCold   . . .      Faith    .   (no shield)
rNeg    . . .      Spirit   .   i - +1 ring mail {Will+}
rPois   .          Reflect  .   t - +0 helmet
rElec   .          Harm     .   (no cloak)
rCorr   .          Rampage  .   (no gloves)
Will    +....                   n - +0 pair of boots
Stlth   ..........              p - amulet of magic regeneration
HPRegen 0.18/turn               f - ring of protection from fire
MPRegen 0.51/turn               r - ring of see invisible

@: under a protective aura, glowing
A: sense surroundings 1, otherworldly, glowing, explore regen, dopey 1,
inability to read after injury 1, MP-powered wands
a: Renounce Religion, Fiery Armour, Foxfire Swarm, Rising Flame


You were on level 4 of the Dungeon.
You worshipped Ignis.
Ignis was extremely pleased with you.
You visited 1 branch of the dungeon, and saw 4 of its levels.

You collected 239 gold pieces.

Inventory:

Hand Weapons
 a - a +1 mace of protection (weapon)
 b - a +1 short sword of draining
 h - a +0 sling
 o - a +0 long sword
 y - a -1 mace of flaming
Missiles
 g - 31 stones (quivered)
 w - 3 javelins
Armour
 c - a +0 robe
 i - a +1 ring mail of willpower (worn)
 n - a +0 pair of boots (worn)
 t - a +0 helmet (worn)
Jewellery
 f - a ring of protection from fire (left hand)
 j - a ring of positive energy
 p - an amulet of magic regeneration (around neck)
 r - a ring of see invisible (right hand)
 v - a +4 ring of evasion
Scrolls
 d - a scroll of fear {unknown}
 e - 4 scrolls of blinking {unknown}
 l - 6 scrolls of identify {unknown}
 q - a scroll of noise {unknown}
 x - a scroll of teleportation {unknown}
 z - a scroll of enchant weapon {unknown}
Potions
 k - a potion of might
 s - a potion of haste
 u - a potion of mutation


   Skills:
 - Level 5.0 Fighting
 + Level 7.8 Maces & Flails
 - Level 1.3 Spellcasting
 - Level 3.6 Fire Magic


You had 5 spell levels left.
You knew the following spells:

 Your Spells              Type           Power      Damage    Failure   Level
a - Scorch                Fire           20%        2d6       17%         2

Your spell library contained the following spells:

 Spells                   Type           Power      Damage    Failure   Level
 Sandblast                Erth           0%         2d4       43%         1
 Passwall                 Tmut/Erth      0%         N/A       58%         2
 Dazzling Flash           Conj/Hex       0%         N/A       82%         3
 Stone Arrow              Conj/Erth      0%         3d7       82%         3
 Agony                    Necr           0%         N/A       100%        5
 Silence                  Hex/Air        0%         N/A       100%        5


Dungeon Overview and Level Annotations

Branches:
Dungeon (4/15) Zot: 315    Temple (0/1) D:4

Altars:
Qazlal


Innate Abilities, Weirdness & Mutations

You passively map a small area around you.
You are easily found by Zot.
You glow in the dark.
You regain HP and MP as you explore.
You are dopey. (Int -2)
You occasionally lose the ability to read scrolls when taking damage.
You expend magic power (3 MP) to strengthen your wands.


Message History

* * * LOW HITPOINT WARNIN'
* * * Tha ufetubus completely misses ye.
Tha orc priest hits ye but does nay damage.
Ye take 2 damage, an' haf 12/56 hp.
It was a potion o' invisibility.
Ye become transparent, but tha glow from yer body prevents ye from becomin' completely invisible.
Tha ufetubus hits ye but does nay damage.
Tha ufetubus hits ye.
* * * LOW HITPOINT WARNIN'
* * * Tha orc priest hits ye wit' a +0 hand axe.
* * * LOW HITPOINT WARNIN'
* * * Tha ufetubus hits ye but does nay damage.
Tha ufetubus barely misses ye.
Ye take 5 damage, an' haf 7/56 hp.
It was a potion o' cancellation.
Yer magical effects be unravellin'.
Ye feel magic'lly purged.
Ye flicker back inta view.
Tha ufetubus barely misses ye.
Tha ufetubus hits ye.
* * * LOW HITPOINT WARNIN'
* * * Tha orc priest invokes tha aid o' Beogh against ye.
Ye easily resist.
Ye take 1 damage, an' haf 6/56 hp.
Okay, than.
Ye hit tha orc priest.
Yer weapon 'sudes an aura o' protection.
Tha orc priest be severely wounded.
Tha ufetubus hits ye but does nay damage.
Tha ufetubus closely misses ye.
Tha orc priest barely misses ye.
Tha ufetubus hits ye.
* * * LOW HITPOINT WARNIN'
* * * Tha ufetubus barely misses ye.
Ye take 2 damage, an' haf 4/56 hp.
Ye hit tha orc priest.
Tha orc priest be severely wounded.
Tha ufetubus hits ye but does nay damage.
Tha ufetubus barely misses ye.
Tha orc priest invokes tha aid o' Beogh against ye.
Pain shoots through yer body!
Ye die...

#.#####.### ##########
#.##....... * #........#
#....#..... ,
#........########.#####.
#........#......##......
,#..................####.
#.......................
#......>..............#.
,
#.....5@.#......##....#.
,,
#....[o).#......####..#.
,#........#......# ##...
#........######## #... ,
.........# #... **
.#####+### #... * * #...
....... #.######


You could see an orc priest and an ufetubus.

Vanquished Creatures
  A vampire bat (D:3)
  A jelly (D:4)
  2 orc wizards (D:4)
  A gnoll (D:1)
  An adder (D:3)
  2 worms
  A dart slug (D:1)
  3 fire bats (D:3)
  4 orcs (D:4)
  2 spectral bats (D:3)
  3 bat skeletons (D:3)
  A bat zombie (D:3)
  4 endoplasms
  6 giant cockroaches
  4 goblins
  2 hobgoblins (D:1)
  2 quokkas
  3 ball pythons
  13 bats
  A bat simulacrum (D:3)
  A frilled lizard (D:2)
  7 kobolds
  6 rats
71 creatures vanquished.

Notes
Turn   | Place    | Note
-------+----------+-------------------------------------------
     0 | D:1      | ProzacElf the Meteoran Cinder Acolyte began the quest for
                  | the Orb.
     0 | D:1      | Reached XP level 1. HP: 19/19 MP: 3/3
   273 | D:1      | Reached XP level 2. HP: 22/24 MP: 5/5
   446 | D:1      | Reached XP level 3. HP: 26/33 MP: 6/6
   495 | D:1      | Glimpsed the power of Zot.
   545 | D:1      | Glimpsed the power of Zot.
   674 | D:2      | Reached skill level 5 in Maces & Flails
   733 | D:2      | Reached XP level 4. HP: 40/40 MP: 7/7
  1091 | D:2      | Glimpsed the power of Zot.
  1141 | D:2      | Glimpsed the power of Zot.
  1166 | D:3      | Learned a level 2 spell: Scorch
  1317 | D:3      | Reached XP level 5. HP: 38/47 MP: 8/8
  1372 | D:3      | Reached skill level 5 in Fighting
  1372 | D:3      | Reached skill level 6 in Maces & Flails
  1403 | D:3      | Reached XP level 6. HP: 27/56 MP: 9/9
  1589 | D:3      | Found a stormy altar of Qazlal.
  1697 | D:3      | Glimpsed the power of Zot.
  1792 | D:4      | Found a staircase to the Ecumenical Temple.
  1803 | D:4      | Reached skill level 7 in Maces & Flails
  2076 | D:4      | Gained mutation: You expend magic power (3 MP) to
                  | strengthen your wands. [potion of mutation]
  2076 | D:4      | Gained mutation: You are dopey. (Int -2) [potion of
                  | mutation]
  2076 | D:4      | Gained mutation: You occasionally lose the ability to read
                  | scrolls when taking damage. [potion of mutation]
  2080 | D:4      | Killed from afar by an orc priest

Illustrated notes

Levels and vault maps discovered:
D:1:      amcnicky_arrival_abandoned_market, layout_basic,
          dreamdust_ecumenical_altar_statues, minmay_misc_feat_plants
D:2:      layout_loops_cross, minmay_pentomino_t2
D:3:      layout_loops_ring, mainiacjoe_overflow_catwalk, goddamned_bats
D:4:      layout_basic, minmay_temple_entry_offerings

Skill      XL: |  1  2  3  4  5  6 |
---------------+-------------------+-----
Fighting       | 4 5 |  5.0
Maces & Flails | 5 6 7 |  7.8
Spellcasting   | |  1.3
Fire Magic     | |  3.6

Action                   |  1- 3 |  4- 6 || total
-------------------------+-------+-------++-------
Melee: Short sword       |    25 |       ||    25
       Mace              |    46 |   173 ||   219
       Punch             |       |     1 ||     1
  Use: Potion            |       |     6 ||     6
Armor: Robe              |     4 |       ||     4
       Ring mail         |    22 |   243 ||   265
Dodge: Dodged            |    33 |   172 ||   205
